Unix NetHack Version 5.0.0-0 post-release - last build Jun 10 2026 00:39:30 (3ee93aec679c4c4259841fe613dc97188e26a321,branch:main).

Game began 2026-06-26 17:48:37, ended 2026-07-08 18:27:06.

Barrb, neutral female human Barbarian

  ..................................}}..#..............................# ..
  ...................................}}................#........##...#  #..
  ...................................}}............)............^...## ##.
  ....................................}}..............#.#....O..#.#..*..#. ##
  ........--------------......-----....;.....#....................#.......#.
  ........|(..+........|......-...|...}........#....................#.#.#..##
  ........|----.....+.$|......| ..|........#`..........##...)....#...#..#...##
  ........|.\.........."......-----)....@......`....................#......#..
  ........|----........|...O......[....TO@.....#.........O....................
  ........|>..-........|...-----........}........#...##.................*.....
  ........--------------...-...|......}}}}}.........................#....#....
  ..................)......|...|.......}}}..................)#........#.......
  ...-----......-----......|----........}}.........................#..#..#.##.
  ...|...-......|...-..--|-|.............}}#............#.....#......#........
  .. |...|......|...|..| ..|............#.}}.#..............#.......###..#..##
  .. -----......-----..|...|............#}}}}............................#.##
  ..     ........   ...-----............}}..}}..................#.............
  .....................................}}...}}.................##..#.....#....
  ....................................}}..O}})..........#........#.##.#...#.
  ....................................}}....}}.#....................#....#...
Barrb the Raider           St:25 Dx:17 Co:16 In:7 Wi:15 Ch:9  Neutral
Home 1 $:0  HP:0(145) Pw:44(44) AC:-13 Xp:14 T:75166  Burdened Blind Lev

Latest messages:
 In what direction? 9
 Pelias vanishes and reappears farther away.
 Are you waiting to get hit?  Use 'm' prefix to force a no-op (to rest).
 The chieftain misses!
 Are you waiting to get hit?  Use 'm' prefix to force a no-op (to rest).
 What do you want to wield? [- aeIR or ?*] <enter>
 Never mind.
 What do you want to wear? [*] c
 You are already wearing that!
 What do you want to take off? [lnuG or ?*] M
 You were wearing an uncursed +1 ring of gain constitution (on right hand).
 The chieftain hits!
 What do you want to use or apply? [b-dhjp-rtvwyzBCFHJNOQRVX or ?*] p
 You have a little trouble removing T - an uncursed ring of levitation.
 The chieftain hits!
 What do you want to put on? [gDMT or ?*] T
 You start to float in the air!
 T - an uncursed ring of levitation (on right hand).
 The chieftain hits!
 A troll suddenly appears!
 The chieftain misses!
 You smite the troll.
 The troll misses!
 The troll hits!
 The troll misses!
 You hear some noises in the distance.
 You smite the troll.
 The troll misses!
 The troll misses!
 The troll misses!
 You kill the troll!
 You stop searching.
 The chieftain hits!
 The chieftain hits!
 You stop searching.
 An ogre suddenly appears!
 An ogre suddenly appears!
 The chieftain hits!
 You hear some noises.
 You swap places with your Olog-hai.
 Pelias hits!
 Pelias hits again!
 ["You have betrayed Crom; soon Thoth Amon will destroy us.  Begone!"]
 Pelias hits!
 Pelias hits again!
 Pelias hits!
 Pelias hits again!
 Pelias hits!
 You die...
 Do you want your possessions identified? [ynq] (y) q

Inventory:
 Amulets  ('"')
  o - an uncursed amulet of reflection (being worn)
 Weapons  (')')
  e - 9 +0 silver arrows
  I - 30 +0 darts (at the ready)
  a - the blessed rustproof +1 Vorpal Blade (weapon in right hand)
 Armor    ('[')
  l - a blessed rustproof +1 dwarvish iron helm (being worn)
  G - an uncursed rustproof +0 pair of gauntlets of power (being worn)
  u - an uncursed burnt +0 pair of high boots (being worn)
  n - a blessed greased +1 alchemy smock with text "If we weren't meant to eat animals, why are they made out of meat?" (being worn)
  s - an uncursed +0 dwarvish mithril-coat (being worn)
 Comestibles  ('%')
  U - an uncursed carrot
  Y - 5 uncursed food rations
  Z - 4 uncursed lizard corpses
 Scrolls  ('?')
  m - 2 uncursed scrolls of create monster
  L - an uncursed scroll of identify
  A - a cursed scroll of light
  i - a blessed scroll of teleportation
  K - a cursed scroll of teleportation
 Potions  ('!')
  k - an uncursed potion of invisibility
  S - an uncursed potion of monster detection
  b - an uncursed potion of oil
  P - 3 uncursed potions of speed
 Rings    ('=')
  D - an uncursed ring of fire resistance
  f - an uncursed ring of free action (on left hand)
  M - an uncursed +1 ring of gain constitution
  T - an uncursed ring of levitation (on right hand)
  g - an uncursed ring of slow digestion
 Wands    ('/')
  q - a blessed wand of cold (0:1)
  j - a wand of cold (0:5)
  B - a wand of digging (0:4)
  w - a wand of light (0:12)
  z - a wand of light (0:11)
  J - a wand of light (0:11)
  Q - a blessed wand of lightning (0:1)
  X - a wand of lightning (0:4)
  r - a wand of magic missile (0:6)
  O - a wand of magic missile (0:2)
  N - a wand of slow monster (0:3)
  v - a wand of striking (0:2)
  d - a wand of striking (0:0)
  h - a wand of teleportation (0:4)
  t - a wand of teleportation (0:0)
  V - a wand of undead turning (0:2)
 Tools    ('(')
  p - a blessed bag of holding containing 66 items
  C - the Bell of Opening (0:3)
  H - a magic marker (1:34)
  y - an uncursed oil lamp
  R - a +0 pick-axe
  F - an uncursed skeleton key
  c - an uncursed towel (being worn)
 Gems/Stones  ('*')
  W - 12 uncursed worthless pieces of black glass
  E - the blessed Heart of Ahriman
  x - an uncursed luckstone

Contents of the bag of holding:
  9 rustproof +0 shuriken
  a rusty +3 battle-axe
  the rustproof +0 Cleaver
  the rustproof +0 Mjollnir
  an uncursed +0 cloak of displacement
  2 uncursed carrots
  an uncursed eucalyptus leaf
  an uncursed K-ration
  an uncursed egg
  an uncursed lizard corpse
  an uncursed scroll of amnesia
  10 uncursed scrolls of blank paper
  2 uncursed scrolls of charging
  an uncursed scroll of create monster
  an uncursed scroll of earth
  an uncursed scroll of enchant weapon
  an uncursed scroll of identify
  an uncursed scroll of magic mapping
  a blessed scroll of punishment
  a blessed scroll of remove curse
  2 uncursed scrolls of remove curse
  2 blessed scrolls of teleportation
  10 uncursed scrolls of teleportation
  8 potions of holy water
  an uncursed potion of acid
  an uncursed potion of booze
  an uncursed potion of confusion
  a blessed potion of object detection
  an uncursed potion of oil
  an uncursed +2 ring of protection
  a wand of cold (0:4)
  a wand of cold (0:3)
  a wand of cold (0:3)
  a wand of create monster (0:13)
  a wand of create monster (0:14)
  a wand of create monster (1:1)
  a wand of death (0:3)
  a wand of digging (0:3)
  a wand of enlightenment (0:12)
  a wand of fire (0:0)
  a wand of lightning (0:0)
  a wand of lightning (0:8)
  a wand of lightning (0:0)
  a wand of magic missile (0:5)
  a wand of magic missile (0:8)
  a wand of magic missile (0:3)
  a wand of magic missile (0:1)
  a wand of polymorph (0:1)
  a wand of speed monster (0:2)
  a wand of speed monster (0:5)
  a wand of stasis (0:0)
  a wand of striking (0:5)
  a wand of striking (0:2)
  a wand of striking (0:0)
  a wand of striking (0:0)
  a wand of striking (0:6)
  a wand of striking (0:6)
  a wand of striking (0:4)
  a wand of striking (0:7)
  a wand of teleportation (0:4)
  a wand of teleportation (0:4)
  a can of grease (0:14)
  a +0 unicorn horn
  2 uncursed worthless pieces of blue glass
  4 uncursed rubies
  2 uncursed worthless pieces of violet glass

Barrb the Barbarian's attributes:

Background:
 You were a Raider, a level 14 female human Barbarian.
 You were neutral, on a mission for Crom
 who was opposed by Mitra (lawful) and Set (chaotic).
 You were right-handed.
 You were in the Quest, on level 1.
 You entered the dungeon 75166 turns ago.
 You had 96086 experience points, 63914 more were needed to attain level 15.

Basics:
 You had 0 out of 145 hit points.
 You had all 44 energy points (spell power).
 Your armor class was -13.
 Your wallet was empty.
 Autopickup was off.

Final Characteristics:
 Your strength was 25 (base:15, peak:18/11, innate limit:18/100).
 Your dexterity was 17 (peak:18, limit:18).
 Your constitution was 16 (peak:18, limit:18).
 Your intelligence was 7 (limit:18).
 Your wisdom was 15 (peak:16, limit:18).
 Your charisma was 9 (limit:18).

Final Status:
 You were levitating.
 You were deliberately blind.
 You weren't hungry.
 You were burdened; movement was slightly slowed.
 You were wielding a long sword.
 You were skilled in long sword.

Final Attributes:
 You were the Envoy of Balance.
 You were piously aligned.
 You were fire resistant.
 You were cold resistant.
 You were sleep resistant.
 You were shock resistant.
 You were poison resistant.
 You were acid resistant.
 Your items were protected from acid.
 You would have seen invisible when not blind.
 You were telepathic.
 You were stealthy.
 You had a moderate defense bonus (+10).
 You were guarded.
 You were fast.
 You had reflection.
 You had free action.
 You were extremely lucky.
 You had extra luck.
 Good luck did not time out for you.
 You are dead (2nd time!).

Miscellaneous:
 You encountered 1 bones level.
 Total elapsed playing time was 1 day, 3 hours, 34 minutes and 38 seconds.

Major events:
 Turn
    1: Barrb the neutral female human Barbarian entered the dungeon
  896: attained the rank of Pillager (level 3)
 1460: entered the Gnomish Mines
 1586: Budereyri, the general store proprietor, has been killed
 3392: attained the rank of Bandit (level 6)
 5973: reached Mine Town
 6080: Kachzi Rellim, the hardware store proprietor, has been killed
 6157: Kiltamagh, the rare books proprietrix, has been killed
 6162: read a Discworld novel
 6272: Kinojevis, the general store proprietrix, has been killed
 9586: attained the rank of Brigand (level 10)
11563: acquired the Mines' End luckstone
13317: entered Sokoban
13689: completed 1st Sokoban level
14427: completed 2nd Sokoban level
14976: completed 3rd Sokoban level
16438: completed 4th Sokoban level
16606: acquired the Sokoban amulet of reflection
18625: Ayancik, the used armor dealership proprietor, has been killed
19461: entered the Bigroom
21569: entered Home 1, the Quest
22821: Abitibi, the general store proprietor, has been killed
24911: Maganasipi, the general store proprietrix, has been killed
39602: killed Medusa
44517: Braemar, the quality apparel and accessories proprietrix, has been killed
52307: was bestowed with Cleaver by Crom
55538: Izchak, the lighting store proprietor, has been killed
55754: was bestowed with Vorpal Blade by Crom
58403: was bestowed with Mjollnir by Crom
58619: became Crom's Envoy of Balance
68523: attained the rank of Raider (level 14)
69838: Pelias has granted access to proceed deeper into the quest
69890: entered Home 2, the Quest
71020: entered Home 3, the Quest
72061: entered Home 4, the Quest
72864: entered Home 5, the Quest
73795: averted death (killed by an ogre king)
74225: killed Thoth Amon
74225: found the Heart of Ahriman carried by a monster
74228: acquired the Bell of Opening
75166: killed by Pelias

You didn't know any spells.

Skills:
 Fighting Skills
   bare handed combat [Basic]
   two weapon combat  [Unskilled]
   riding             [Unskilled]
 Weapon Skills
   dagger             [Unskilled]
   axe                [Expert]
   pick-axe           [Unskilled]
   short sword        [Skilled]
   broadsword         [Unskilled]
   long sword         [Skilled]
   two-handed sword   [Unskilled]
   saber              [Unskilled]
   club               [Unskilled]
   mace               [Unskilled]
   morning star       [Unskilled]
   flail              [Unskilled]
   hammer             [Unskilled]
   quarterstaff       [Unskilled]
   spear              [Unskilled]
   trident            [Unskilled]
   bow                [Unskilled]
 Spellcasting Skills
   attack spells      [Unskilled]
   escape spells      [Unskilled]

Voluntary challenges:
 Character rerolling was not enabled.
 You never genocided any monsters.
 You used no wishes.
 You violated the special Sokoban rules twice.
Achievements:
 You entered a shop.
 You attained the rank of Pillager.
 You entered the Gnomish Mines.
 You attained the rank of Bandit.
 You entered Minetown.
 You entered a temple.
 You read from a Discworld novel.
 You attained the rank of Brigand.
 You completed the Gnomish Mines.
 You entered Sokoban.
 You completed Sokoban.
 You entered the Big Room.
 You defeated Medusa.
 You attained the rank of Raider.
 You had the Bell of Opening.

 The Dungeons of Doom: levels 1 to 24
    Level 1:
       Many fountains.
    Level 2:
       A wand shop.
    Level 3:
       A general store.
       Stairs down to The Gnomish Mines.
    Level 4:
    Level 5:
       A fountain.
    Level 6:
       Many fountains, a grave.
       Final resting place for
          snarksnark-Wiz-Hum-Mal-Neu, killed by a manes.
    Level 7:
       Stairs up to Sokoban, level 6.
    Level 8:
    Level 9:
       An armor shop, some fountains.
    Level 10:
       A fountain.
    Level 11:
       A very big room.
    Level 12:
       A general store, an altar to Crom, a fountain, a grave.
    Level 13:
       A fountain, a sink, many trees.
       Summoned by Pelias.
       Portal to The Quest.
    Level 14:
       A temple and an altar, some fountains, a sink.
    Level 15:
       A grave.
    Level 16:
       A primitive area.
    Level 17:
    Level 18:
       A general store.
    Level 19:
       An altar to Crom, a fountain, many graves.
    Level 20:
       A fountain, a sink, a grave.
    Level 21:
       A fountain, some graves.
    Level 22:
       A temple and an altar.
    Level 23:
       Many trees.
    Level 24:
 The Gnomish Mines: levels 4 to 12
    Level 4:
    Level 5:
    Level 6:
       Many shops, a temple and an altar to Crom, some fountains.
    Level 7:
    Level 8:
    Level 9:
    Level 10:
    Level 11:
    Level 12:
 The Quest: levels 1 to 5
    Level 1: <- You were here.
       A throne, many trees.
       Completed quest for Pelias.
       Final resting place for
          you, killed by Pelias.
    Level 2:
    Level 3:
    Level 4:
    Level 5:
 Sokoban: levels 6 up to 3
    Level 3:
       Solved.
    Level 4:
       Solved.
    Level 5:
       Solved.
    Level 6:
       Solved.


Vanquished creatures:
    Medusa
    Thoth Amon
  2 stone golems
  a hell hound
  a displacer beast
  3 trappers
  a genetic engineer
  a vampire leader
  9 shopkeepers
  2 guards
  2 aligned clerics
  2 liches
  2 clay golems
  4 nurses
  3 lurkers above
  3 Aleaxes
  2 frost giants
  4 ettins
  a golden naga
  4 black puddings
  9 vampires
  a lieutenant
  a watch captain
 10 ghosts
  2 winged gargoyles
  a mind flayer
  6 giant mimics
  4 long worms
  4 zruties
  4 fire giants
 11 ogre tyrants
  9 ice trolls
 29 rock trolls
  4 umber hulks
  6 flesh golems
  2 elven monarchs
  a doppelganger
  5 large mimics
  3 wumpuses
  8 couatls
 11 stalkers
  2 air elementals
  a water elemental
  a hill giant
  3 giant mummies
  3 black nagas
  2 xorns
  7 giant zombies
  5 elf-nobles
 10 sergeants
  a vrock
 18 wargs
  4 winter wolves
 13 small mimics
  2 glass piercers
  5 warhorses
 10 xans
  3 ettin mummies
 16 ogre leaders
 13 quantum mechanics
 34 trolls
  a sasquatch
  4 wood golems
  a marilith
  6 gelatinous cubes
  5 pyrolisks
  3 large dogs
  9 freezing spheres
  7 flaming spheres
  3 shocking spheres
  a large cat
  5 tigers
  8 gargoyles
  a dwarf ruler
 15 tengu
  6 ochre jellies
  9 leocrottas
 an energy vortex
  3 mountain centaurs
 15 stone giants
  6 elf mummies
  9 human mummies
  2 red nagas
  2 pythons
  6 pit vipers
  2 cobras
 12 wraiths
  4 carnivorous apes
  3 ettin zombies
  4 leather golems
  8 Grey-elves
  7 soldiers
  4 watchmen
  6 amorous demons
  2 chameleons
  2 crocodiles
 14 giant beetles
  5 quivering blobs
 24 cockatrices
 12 wolves
  a winter wolf cub
  2 lynxes
  2 panthers
  5 gremlins
  3 spotted jellies
 11 leprechauns
  6 orc-captains
  6 iron piercers
  2 mumakil
 12 giant spiders
  8 scorpions
  3 horses
  3 ice vortices
  9 black lights
  7 vampire bats
  a forest centaur
  2 gnome rulers
  3 orc mummies
  5 dwarf mummies
174 ogres
  8 brown puddings
  7 rust monsters
  8 owlbears
  7 yetis
  2 gold golems
  3 werewolves
 12 Green-elves
  4 giant eels
 21 lizards
  7 chieftains
  6 chickatrices
  4 dingoes
  6 dogs
  6 housecats
 11 jaguars
  3 dwarf leaders
  7 blue jellies
  7 white unicorns
  2 gray unicorns
  2 black unicorns
  7 dust vortices
 40 ravens
  2 plains centaurs
  6 gnome mummies
 14 snakes
  2 water moccasins
  7 apes
 14 human zombies
  4 rope golems
 14 Woodland-elves
  8 soldier ants
  4 fire ants
  9 bugbears
  2 imps
  7 quasits
 10 wood nymphs
  6 water nymphs
  8 mountain nymphs
 24 Mordor orcs
 17 Uruk-hai
  2 orc shamans
 17 rock piercers
  3 rock moles
 10 ponies
  7 fog clouds
 17 yellow lights
  4 shriekers
  6 violet fungi
 25 gnome leaders
  8 gnomish wizards
  a kobold mummy
  4 gray oozes
  3 barrow wights
 15 elf zombies
  4 ghouls
  9 straw golems
  6 paper golems
  a jellyfish
 17 giant ants
  5 little dogs
 22 floating eyes
  4 kittens
 35 dwarves
  6 homunculi
  4 kobold leaders
  4 kobold shamans
 82 hill orcs
 14 rothes
  5 rabid rats
  6 centipedes
  9 giant bats
  3 monkeys
  4 orc zombies
  8 dwarf zombies
  4 wererats
  3 werejackals
 24 iguanas
 48 killer bees
  8 acid blobs
 10 coyotes
  3 gas spores
 17 hobbits
 16 manes
  4 large kobolds
 11 hobgoblins
 17 giant rats
 22 cave spiders
  2 brown molds
  6 yellow molds
  3 green molds
  a red mold
 76 gnomes
  2 garter snakes
  2 gnome zombies
 17 geckos
 28 jackals
  5 kobolds
  6 goblins
  4 sewer rats
 13 grid bugs
  a bat
  9 lichens
  6 kobold zombies
 18 newts
1929 creatures vanquished.

Extinct species:
 ogres (extinct)
1 species extinct.

Game over:
                       ----------
                      /          \
                     /    REST    \
                    /      IN      \
                   /     PEACE      \
                  /                  \
                  |      Barrb       |
                  |       0 Au       |
                  | killed by Pelias |
                  |                  |
                  |                  |
                  |                  |
                  |       2026       |
                 *|     *  *  *      | *
        _________)/\\_//(\/(/\)/\//\/|_)_______

Goodbye Barrb the Barbarian...

You died in The Quest on dungeon level 1 with 317500 points,
and 0 pieces of gold, after 75166 moves.
You were level 14 with a maximum of 145 hit points when you died.

